 Dungeon Crawl Stone Soup version 0.29.1-2-gbd0b4ee654 (webtiles) character file.

Game seed: 11859816052438125924

2143 mortz the Slasher (level 9, -3/54 HPs)
             Began as a Gargoyle Monk on Nov 3, 2022.
             Shot with a bolt by an orc (12 damage)
             ... in a bailey.
             The game lasted 00:38:22 (9244 turns).

mortz the Slasher (Gargoyle Monk)                   Turns: 9244, Time: 00:38:23

Health: -3/54      AC: 22    Str: 15    XL:     9   Next: 30%
Magic:  12/12      EV:  6    Int: 11    God:
Gold:   89         SH:  0    Dex: 16    Spells: 8/8 levels left

rFire   . . .      SeeInvis .   A - +0 trident
rCold   . . .      Faith    .   (no shield)
rNeg    + . .      Spirit   .   z - +0 plate armour
rPois   ∞          Reflect  .   (no helmet)
rElec   +          Harm     .   x - +0 cloak
rCorr   +          Rampage  .   f - +0 pair of gloves
Will    .....                   r - +0 pair of boots
Stlth   ..........              (no amulet)
HPRegen 0.18/turn               i - ring of resist corrosion
MPRegen 0.13/turn               (no ring)

@: no status effects
A: sickness immunity, AC +6, negative energy resistance 1, electricity
resistance, torment resistance 1, petrification resistance
a: no special abilities


You were in a bailey.
You visited 1 branch of the dungeon, and saw 7 of its levels.
You also visited: Sewer and Bailey.

You collected 343 gold pieces.
You spent 254 gold pieces at shops.

Inventory:

Hand Weapons
 a - a +1 falchion of freezing
 h - a +2 dagger of venom
 l - a +1 mace of venom
 m - a +1 war axe of electrocution
 o - a +2 flail of holy wrath
 A - a +0 trident (weapon)
 C - a +0 short sword of draining
 D - a +0 dagger of electrocution
 E - a +0 war axe
Missiles
 b - 6 poisoned darts (quivered)
 j - 36 stones
Armour
 f - a +0 pair of gloves (worn)
 r - a +0 pair of boots (worn)
 s - a +0 ring mail of cold resistance
 x - a +0 cloak (worn)
 z - a +0 plate armour (worn)
Jewellery
 i - a ring of resist corrosion (left hand)
Scrolls
 d - 2 scrolls of fog
 n - a scroll of poison
 p - 2 scrolls of teleportation
 y - a scroll of fear
 B - a scroll of blinking
Potions
 c - 2 potions of ambrosia
 e - a potion of flight
 g - 4 potions of curing
 k - a potion of resistance
 q - a potion of mutation
 t - 3 potions of brilliance
 u - a potion of invisibility {unknown}
 w - 2 potions of attraction


   Skills:
 * Level 5.2 Fighting
 + Level 7.7 Long Blades
 + Level 1.1 Throwing
 + Level 5.8 Armour
 + Level 3.4 Dodging
 + Level 2.6 Stealth
 + Level 5.2 Invocations


You had 8 spell levels left.
You didn't know any spells.
Your spell library contained the following spells:

 Spells                   Type           Power      Damage    Failure   Level
 Freeze                   Ice            0%         1d3       100%        1
 Necrotise                Necr           0%         1d4       100%        1
 Summon Small Mammal      Summ           0%         N/A       100%        1
 Call Canine Familiar     Summ           0%         N/A       100%        3
 Confusing Touch          Hex            0%         N/A       100%        3
 Frozen Ramparts          Ice            0%         1d1       100%        3
 Gell's Gravitas          Tloc           0%         N/A       100%        3
 Lesser Beckoning         Tloc           0%         N/A       100%        3
 Ozocubu's Armour         Ice            0%         N/A       100%        3
 Summon Guardian Golem    Hex/Summ       0%         N/A       100%        3
 Teleport Other           Tloc           0%         N/A       100%        3
 Vampiric Draining        Necr           0%         2d6       100%        3
 Hailstorm                Conj/Ice       0%         3d3       100%        4
 Agony                    Necr           0%         N/A       100%        5
 Yara's Violent Unravell  Hex/Tmut       0%         3d3       100%        5
 Enfeeble                 Hex            0%         N/A       100%        7
 Ozocubu's Refrigeration  Ice            0%         4d7       100%        7


Dungeon Overview and Level Annotations

Branches:
Dungeon (7/15) Zot: 26895   Sewer (visited)          Bailey (1/1) Zot: 5972
 Temple: D:4-7

Altars:
Gozag
Kikubaaqudgha
Sif Muna
Trog
Wu Jian
Xom

Shops:
D:1 *   D:2 !   D:5 ?

Annotations:
D:6 2 transporters


Innate Abilities, Weirdness & Mutations

You are immune to sickness and miasma.
Your stone body is resilient. (AC +6)
You are immune to poison.
You resist negative energy. (rN+)
You are resistant to electric shocks. (rElec)
You are resistant to unholy torment.
You are immune to petrification.


Message History

There is an empty arch of ancient stone here.
Found a gate leading back out of this place.
An orc and an orc warrior come into view.
The orc shouts!
The orc warrior shouts!
An orc comes into view. It is wielding a +0 arbalest.
The orc moves out of view.
The orc shouts!
You enter the shallow water.
Moving in this stuff is going to be slow.
The orc warrior shoots a bolt.
The bolt hits you!
The orc warrior shoots a bolt.
The orc shoots a bolt. x2; The bolt barely misses you.
The orc warrior unwields a +0 arbalest.
The orc warrior barely misses you.
You hit the orc warrior.
The orc warrior is lightly wounded.
The orc shoots a bolt.
The bolt hits you.
You hit the orc warrior.
The orc warrior is lightly wounded.
The orc warrior splashes around in the water.
Your unstable footing causes you to fumble your attack.
The orc warrior completely misses you.
The orc shoots a bolt.
The bolt closely misses you.
The orc warrior splashes around in the water.
The orc shoots a bolt.
The bolt hits you! The orc warrior hits you.
The orc unwields a +0 arbalest.
The orc splashes around in the water.
The orc unwields a +0 arbalest.
The orc warrior attacks as you move away!
The orc warrior splashes around in the water.
The orc attacks as you move away! The orc hits you.
The orc warrior wields a +0 arbalest.
The orc warrior shoots a bolt.
The bolt hits you!
* * * LOW HITPOINT WARNING * * *
The orc wields a +0 arbalest.
The orc shoots a bolt.
The bolt barely misses you.
The orc wields a +0 arbalest.
The orc shoots a bolt.
The bolt hits you.
* * * LOW HITPOINT WARNING * * *
The orc shoots a bolt.
The bolt barely misses you.
The orc shoots a bolt.
The bolt hits you!
You die...

..~~~~~~~##
..~~~~~~~~#
..~~~~~~~~## ~~~
~~~~~## ≈≈~ ≈≈~~~####
.... #.##≈~~~~~~###
#.....≈##.∩#≈~~~~~~~~~
#.....≈#...@~~o~~~~~~~
#.....≈##.##≈~o~~~~~~~
#.....≈≈###≈≈~o~~~~~~~
#.....~≈≈≈≈≈~~~~~~~~~~
#.....................
#.....................
#.∩...................
#∩....................
######################


You could see an orc warrior and 2 orcs.

Vanquished Creatures
  Grinder (D:5)
  Eustachio (D:5)
  2 vampire mosquitoes
  3 ice beasts
  2 black bears
  An ogre (D:5)
  2 phantoms
  Blork the orc (D:5)
  3 scorpions
  A howler monkey (D:5)
  A jelly (D:5)
  4 orc priests
  3 hounds
  An iguana (D:5)
  3 orc wizards
  16 adders
  A river rat (Sewer)
  6 worms
  A dart slug (D:5)
  19 orcs
  10 ball pythons
  5 bats
  6 endoplasms
  3 giant cockroaches (D:1)
  7 goblins
  6 hobgoblins
  5 kobolds
  3 quokkas
  5 frilled lizards
  7 rats
129 creatures vanquished.

Vanquished Creatures (others)
  3 toadstools (D:2)
3 creatures vanquished.

Grand Total: 132 creatures vanquished

Notes
Turn   | Place    | Note
-------+----------+-------------------------------------------
     0 | D:1      | mortz the Gargoyle Monk began the quest for the Orb.
     0 | D:1      | Reached XP level 1. HP: 14/14 MP: 1/1
   221 | D:1      | Reached XP level 2. HP: 19/19 MP: 2/2
   541 | D:1      | Reached skill level 3 in Long Blades
   945 | D:1      | Found Hegonoyd's Assorted Antiques.
   949 | D:1      | Bought a scroll labelled SAOKIR HUORGH for 21 gold pieces
   949 | D:1      | Bought a scroll labelled RULISY LUAPOE for 21 gold pieces
  1271 | D:2      | Reached XP level 3. HP: 23/23 MP: 3/3
  1396 | D:2      | Reached skill level 1 in Invocations
  1672 | D:1      | Bought a pair of boots for 94 gold pieces
  1791 | D:2      | Found Iriozet's Distillery.
  1811 | D:2      | Bought a potion of degeneration for 14 gold pieces
  1873 | D:2      | Reached XP level 4. HP: 26/28 MP: 3/5
  1992 | D:2      | Found a faded altar of an unknown god.
  2557 | D:3      | HP: 1/28 [worm (1)]
  2567 | D:3      | Reached XP level 5. HP: 3/32 MP: 6/6
  2594 | D:3      | Found a glowing drain.
  2599 | Sewer    | Entered a sewer
  2871 | Sewer    | Reached skill level 4 in Long Blades
  3148 | Sewer    | Reached skill level 1 in Armour
  3523 | D:3      | Found an ancient bone altar of Kikubaaqudgha.
  4083 | D:4      | Noticed a phantom
  4105 | D:4      | Killed a phantom
  4106 | D:4      | Reached XP level 6. HP: 24/38 MP: 7/7
  4671 | D:4      | Found a bloodstained altar of Trog.
  4728 | D:5      | Entered Level 5 of the Dungeon
  4728 | D:5      | Noticed a vampire mosquito
  4728 | D:5      | Noticed a vampire mosquito
  4759 | D:4      | Killed a vampire mosquito
  4890 | D:5      | Noticed Grinder
  5184 | D:5      | Killed Grinder
  5185 | D:5      | Reached skill level 5 in Long Blades
  5185 | D:5      | Reached XP level 7. HP: 30/43 MP: 9/9
  5245 | D:5      | Killed a vampire mosquito
  5328 | D:5      | Noticed Blork the orc
  5353 | D:5      | Killed Blork the orc
  5552 | D:5      | Reached XP level 8. HP: 48/48 MP: 10/10
  5698 | D:5      | Found a shimmering blue altar of Sif Muna.
  5877 | D:5      | Reached skill level 6 in Long Blades
  5877 | D:5      | Reached skill level 1 in Throwing
  5932 | D:5      | HP: 2/48 [ogre/+0 giant spiked club (22)]
  6656 | D:5      | Found Kidason's Magic Scroll Boutique.
  6666 | D:5      | Bought a scroll of brand weapon for 104 gold pieces
  6916 | D:5      | Noticed Eustachio
  7694 | D:5      | Killed Eustachio
  7878 | D:6      | Reached skill level 5 in Armour
  8077 | D:6      | Reached skill level 7 in Long Blades
  8077 | D:6      | Reached skill level 5 in Invocations
  8247 | D:6      | Reached XP level 9. HP: 37/53 MP: 12/12
  8406 | D:6      | Reached skill level 5 in Fighting
  8502 | D:6      | Found a transporter.
  8542 | D:6      | Found an ornate altar of the Wu Jian Council.
  8545 | D:6      | Found a shimmering altar of Xom.
  8550 | D:6      | Found an opulent altar of Gozag.
  8636 | D:6      | Found a transporter.
  9152 | D:7      | Found a flagged portal.
  9223 | Bailey   | Entered a bailey
  9244 | Bailey   | Shot with a bolt by an orc

Illustrated notes

Levels and vault maps discovered:
D:1:      saegor_arrival_fortress, layout_loops_ring, serial_shops, shop
D:2:      layout_basic, serial_shops, shop,
          shapermc_ecumenical_altar_mp_vishouse, minmay_gold_behind_fungi,
          hangedman_decor_slide_cut, minivault_11
D:3:      layout_rooms, lemuel_crystal_altar, lightli_sewer_entry_pipes
D:4:      layout_rooms, mainiacjoe_overflow_alcove_4,
          chequers_serial_rivers_room_a
D:5:      layout_basic, mainiacjoe_overflow_24_doors, serial_shops,
          nicolae_shop_crystal, uniq_blork_the_orc, uniq_grinder, uniq_eustachio
D:6:      gammafunk_cloud_chamber, layout_loops_ring,
          grunt_temple_overflow_diamond
D:7:      layout_cave_pools, minmay_temple_entry_nine_rooms, enter_bailey_4,
          dk_rats_in_the_wall
Bailey:   bailey_polearm_2, bailey

Skill      XL: |  1  2  3  4  5  6  7  8  9 |
---------------+----------------------------+-----
Long Blades    | 3 4 5 7 |  7.7
Invocations    | 1 2 3 5 |  5.2
Armour         | 2 3 5 |  5.8
Dodging        | 3 |  3.4
Fighting       | 4 5 |  5.2
Throwing       | 1 |  1.1
Stealth        | |  2.6

Action                   |  1- 3 |  4- 6 |  7- 9 || total
-------------------------+-------+-------+-------++-------
Melee: Falchion          |   115 |   368 |   349 ||   832
       Punch             |     1 |     3 |     4 ||     8
       Trident           |       |       |     6 ||     6
Throw: Stone             |     5 |     1 |       ||     6
       Dart              |       |       |     7 ||     7
  Use: Scroll            |     5 |    12 |     3 ||    20
       Potion            |       |     5 |     3 ||     8
 Stab: Sleeping          |     1 |       |       ||     1
Armor: Ring mail         |    25 |       |       ||    25
       Scale mail        |    27 |   101 |       ||   128
       Plate armour      |       |    99 |   388 ||   487
Dodge: Dodged            |    69 |   148 |   133 ||   350
